 Dungeon Crawl Stone Soup version 0.22-a0-246-gdc04c06 (webtiles) character file.

340 xccam the Cutter (level 6, 0/44 HPs)
             Began as a Demonspawn Gladiator on Feb 22, 2018.
             Was an Initiate of Ru.
             Slain by a worker ant (1 damage)
             ... on level 3 of the Dungeon.
             The game lasted 00:08:37 (3621 turns).

xccam the Cutter (Demonspawn Gladiator)             Turns: 3621, Time: 00:08:38

Health: 0/44       AC:  3    Str: 15    XL:     6   Next: 30%
Magic:  6/6        EV: 18    Int:  9    God:    Ru [......]
Gold:   157        SH:  0    Dex: 21    Spells: 5/5 levels left

rFire    + . .     SeeInvis .   a - +0 rapier
rCold    . . .     Gourm    .   (no shield)
rNeg     . . .     Faith    .   b - +0 leather armour
rPois    .         Spirit   .   (helmet restricted)
rElec    .         Reflect  .   (no cloak)
rCorr    .         Harm     .   (no gloves)
MR       +....                  (no boots)
Stlth    ++++......             (no amulet)
HPRegen  0.14/turn              g - ring of protection from magic
MPRegen  0.10/turn              (no ring)

@: agile, lethally poisoned (0 -> -12), flying
A: antennae 1, claws 1, hooves 1, fire resistance 1
a: Renounce Religion


You were on level 3 of the Dungeon.
You worshipped Ru.
Ru was noncommittal.
You were not hungry.

You visited 1 branch of the dungeon, and saw 4 of its levels.

You collected 157 gold pieces.

Inventory:

Hand Weapons
 a - a +0 rapier (weapon)
Missiles
 d - 3 throwing nets (quivered)
Armour
 b - a +0 leather armour (worn)
 i - a +0 pair of gloves
Jewellery
 g - a ring of protection from magic (left claw)
Wands
 e - a wand of digging (16)
 n - a wand of polymorph (17)
Scrolls
 h - a scroll of remove curse {unknown}
Potions
 c - a potion of haste
 m - 2 potions of flight
Comestibles
 f - 8 rations


   Skills:
 - Level 2.0 Fighting
 + Level 5.0 Short Blades
 - Level 1.7 Throwing
 - Level 2.6 Dodging
 + Level 4.3 Stealth


You had 5 spell levels left.
You didn't know any spells.

Dungeon Overview and Level Annotations

Branches:
Dungeon (4/15)
 Temple: D:4-7

Altars:
Gozag
Nemelex Xobeh
Ru
Trog


Innate Abilities, Weirdness & Mutations

You have a pair of small antennae on your head.
You have sharp fingernails.
You have large cloven feet.
Your flesh is heat resistant. (rF+)


Message History

The worker ant poisons you!
It was a potion of agility.
You feel agile all of a sudden.
* * * LOW HITPOINT WARNING * * *
You feel sick. The worker ant closely misses you.
As you read the scroll labeled KYETOU MARAE, it crumbles to dust.
The creatures around you are filled with an inner flame!
It was a scroll of immolation.
* * * LOW HITPOINT WARNING * * *
You feel sick. The worker ant completely misses you.
You hit the worker ant but do no damage.
Your kick misses the worker ant.
The worker ant is severely wounded.
* * * LOW HITPOINT WARNING * * *
You feel sick. The worker ant barely misses you.
You closely miss the worker ant. You kick the worker ant.
The worker ant is almost dead.
* * * LOW HITPOINT WARNING * * *
You feel sick. The worker ant bites you.
You die...

#.# #####..#
##...## #. #.# #..#
##'## #.
#.#######..# #.# #.
#..........# #.# #.
##########.# ##.##
#. #.# ###...## #.
#.# #......# #.
#.####.....### ##
#.@a.........######
######.....#.......
#.....########
#######


You could see a worker ant (inner flame).

Vanquished Creatures
  A centaur (D:3)
  An orc wizard (D:3)
  7 adders
  5 gnolls
  2 oozes
  2 worms
  5 dart slugs
  3 leopard geckos
  8 orcs
  17 giant cockroaches
  2 goblins (D:3)
  9 hobgoblins
  5 jackals (D:3)
  4 bats
  3 frilled lizards
  6 kobolds
  4 rats
84 creatures vanquished.

Vanquished Creatures (others)
  An orc wizard (D:3)
1 creature vanquished.

Grand Total: 85 creatures vanquished

Notes
Turn   | Place    | Note
-------+----------+-------------------------------------------
     0 | D:1      | xccam the Demonspawn Gladiator began the quest for the Orb.
     0 | D:1      | Reached XP level 1. HP: 16/16 MP: 1/1
   203 | D:1      | Reached skill level 1 in Stealth
   210 | D:1      | Reached skill level 3 in Short Blades
   210 | D:1      | Gained mutation: You have a pair of small antennae on your head. [demonic ancestry]
   210 | D:1      | Reached XP level 2. HP: 13/22 MP: 2/2
   866 | D:1      | Gained mutation: You have large cloven feet. [demonic ancestry]
   866 | D:1      | Reached XP level 3. HP: 11/27 MP: 3/3
  1652 | D:2      | Reached XP level 4. HP: 33/33 MP: 4/4
  1975 | D:2      | Found an opulent altar of Gozag.
  1975 | D:2      | Found a sparkling altar of Nemelex Xobeh.
  2156 | D:3      | Reached skill level 4 in Short Blades
  2426 | D:3      | Found a bloodstained altar of Trog.
  2438 | D:3      | Gained mutation: You have sharp fingernails. [demonic ancestry]
  2438 | D:3      | Reached XP level 5. HP: 33/38 MP: 5/5
  2799 | D:3      | Found a sacrificial altar of Ru.
  2802 | D:3      | Became a worshipper of Ru the Awakened
  2830 | D:3      | Noticed a centaur
  2840 | D:3      | Killed a centaur
  2840 | D:3      | Gained mutation: Your flesh is heat resistant. (rF+) [demonic ancestry]
  2840 | D:3      | Reached XP level 6. HP: 24/44 MP: 6/6
  3569 | D:4      | Reached skill level 5 in Short Blades
  3620 | D:3      | HP: 2/44 [poisoned by a worker ant]
  3621 | D:3      | Slain by a worker ant

Vault maps used:
D:1:      wheals_arrival_shading
D:2:      minmay_roachtagon, grunt_temple_overflow_opulence, first_ration,
          feat_on_display
D:3:      nicolae_overflow_crystal_walls, overflow_temple_1_default
D:4:      st_stairs_9

Skill      XL: |  1  2  3  4  5  6 |
---------------+-------------------+-----
Stealth        | 1 2 3 4 |  4.3
Short Blades   | 3 4 5 |  5.0
Fighting       | |  2.0
Throwing       | |  1.7
Dodging        | |  2.6

Action                   |  1- 3 |  4- 6 || total
-------------------------+-------+-------++-------
Melee: Rapier            |    98 |   160 ||   258
       Kick              |    11 |    40 ||    51
  Use: Scroll            |       |     5 ||     5
       Potion            |       |     3 ||     3
 Stab: Sleeping          |     3 |     6 ||     9
  Eat: Chunk             |     2 |     7 ||     9
Armor: Leather armour    |    23 |    28 ||    51
Dodge: Dodged            |    73 |   102 ||   175

Table legend:
 A = Spawn XP
 B = Non-spawn XP
 C = Spawn XP percentage of total XP
 D = Spawn monster count
 E = Non-spawn monster count
 F = Spawn count percentage of total count
 G = Total turns spent on level
                    A         B        C        D         E        F      G
               +---------+---------+-------+---------+---------+-------+---------
         Total |       0 |     487 |   0.0 |       0 |      85 |   0.0 |  3621
               +---------+---------+-------+---------+---------+-------+---------
           D:1 |       0 |      51 |   0.0 |       0 |      20 |   0.0 |  1414
           D:2 |       0 |      70 |   0.0 |       0 |      22 |   0.0 |   875
           D:3 |       0 |     363 |   0.0 |       0 |      42 |   0.0 |  1285
           D:4 |       0 |       3 |   0.0 |       0 |       1 |   0.0 |    47
               +---------+---------+-------+---------+---------+-------+---------
